 Dungeon Crawl Stone Soup version 0.31.0-32-g396128a36d (webtiles) character file.

Game seed: 3802808195405233800

200 Logoto the Chopper (level 5, -4/47 HPs)
             Began as a Hill Orc Berserker on Mar 25, 2024.
             Was a Believer of Trog.
             Slain by a gnoll
             ... wielding a +0 whip
             ... led by a gnoll bouda
              (8 damage)
             ... on level 5 of the Dungeon on Mar 26, 2024.
             The game lasted 00:05:38 (2538 turns).

Logoto the Chopper (Hill Orc Berserker)             Turns: 2538, Time: 00:05:38

Health: -4/47      AC:  5    Str: 22    XL:     5   Next: 78%
Magic:  5/5        EV:  8    Int:  7    God:    Trog [**....]
Gold:   117        SH: 10    Dex: 10    Spells: 4/4 levels left

rFire   . . .        a - +0 hand axe
rCold   . . .        l - +0 tower shield
rNeg    . . .        d - +0 ring mail
rPois   .            (no helmet)
rElec   .            (no cloak)
rCorr   .            (no gloves)
SInv    .            (no boots)
Will    .....        (no amulet) Stlth
                     (no ring)
HPRegen 0.27/turn    (no ring)
MPRegen 0.09/turn

%: no passive effects
@: on berserk cooldown, slowed, very slow
A: no striking features
a: Renounce Religion, Berserk, Trog's Hand


You were on level 5 of the Dungeon.
You worshipped Trog.
Trog was pleased with you.
You visited 1 branch of the dungeon, and saw 5 of its levels.

You collected 117 gold pieces.

Inventory:

Hand Weapons
 a - a +0 hand axe (weapon)
Missiles
 g - 6 poisoned darts (quivered)
 j - 7 boomerangs
Armour
 d - a +0 ring mail (worn)
 l - a +0 tower shield (worn)
Jewellery
 e - an amulet of reflection
Wands
 q - a wand of flame (13)
Scrolls
 f - a scroll of enchant weapon {unknown}
 i - a scroll of identify {unknown}
 m - a scroll of poison {unknown}
 o - a scroll of fear {unknown}
 p - 2 scrolls of fog {unknown}
 u - a scroll of noise {unknown}
Potions
 b - 2 potions of enlightenment {unknown}
 c - a potion of curing {unknown}
 h - 4 potions of haste {unknown}
 k - a potion of mutation {unknown}
 n - 2 potions of brilliance {unknown}
 r - a potion of heal wounds {unknown}
 s - a potion of might {unknown}
 t - a potion of attraction {unknown}


   Skills:
 + Level 4.5 Fighting
 + Level 6.6 Axes
 + Level 3.0 Armour
 + Level 2.2 Dodging
 + Level 0.1 Stealth
 + Level 0.8 Shields


You had 4 spell levels left.
You didn't know any spells.
Your spell library was empty.

Dungeon Overview and Level Annotations

Branches:
Dungeon (5/15)
 Temple: D:4-7

Altars:


Message History

Your attacks no longer feel as feeble.
You block the gnoll bouda's attack.
There is a stone staircase leading down here.
You can't go up here!
The gnoll bouda gazes fiercely through you!
You feel your attacks grow feeble. The gnoll bouda closely misses you.
You climb downwards.
The orc shouts!
The iguana hisses angrily.
The ogre shouts!
Found a ring mail and 7 gold pieces.
Found a stone staircase leading down.
There is a stone staircase leading up here.
You hit the gnoll bouda but do no damage.
The gnoll bouda hits you but does no damage.
An orc comes into view.
It is wielding a +0 mace and wearing a +1 leather armour of willpower.
The gnoll bouda hits you with a +0 club.
The orc moves out of view.
The gnoll bouda hits you with a +0 club.
The ogre barely misses you. You block the gnoll bouda's attack.
You climb upwards.
The gnoll barely misses you. The gnoll hits you with a +0 whip.
* * * LOW HITPOINT WARNING * * *
There is a stone staircase leading down here.
Your attacks no longer feel as feeble.
The gnoll is no longer moving quickly.
The gnoll hits you with a +0 whip.
* * * LOW HITPOINT WARNING * * *
You block the ogre's attack. The gnoll hits you with a +0 whip.
* * * LOW HITPOINT WARNING * * *
You climb downwards.
The orc shouts!
You block the orc's attack.
An orc comes into view. It is wielding a +0 flail.
The iguana bites you but does no damage.
The orc hits you with a +0 short sword.
* * * LOW HITPOINT WARNING * * *
You block the iguana's attack.
There is a stone staircase leading up, spattered with blood here.
The orc shouts!
The orc attacks as it pursues you! You block the orc's attack.
You block the iguana's attack. The gnoll hits you with a +0 whip!
You die...

########
#......#
###......#
........#
####>.....#
.......$...#
.ooo#..gl..##.#.
#...Oo@.......
##########...# #


You could see an ogre, an iguana, a gnoll (swift) and 4 orcs.

Vanquished Creatures
  A bombardier beetle (D:3)
  Jessica (D:3)
  Natasha (D:3)
  A gnoll (D:4)
  2 adders (D:3)
  A dart slug (D:2)
  4 orcs (D:3)
  9 endoplasms
  5 giant cockroaches
  5 goblins
  6 hobgoblins
  7 jackals (D:1)
  4 kobolds
  5 quokkas
  6 ball pythons
  6 bats
  4 frilled lizards
  6 rats
74 creatures vanquished.

Notes
Turn   | Place    | Note
-------+----------+-------------------------------------------
     0 | D:1      | Logoto the Hill Orc Berserker began the quest for the Orb.
     0 | D:1      | Reached XP level 1. HP: 19/19 MP: 1/1
    80 | D:1      | Reached XP level 2. HP: 21/27 MP: 2/2
   347 | D:1      | Found a faded altar of an unknown god.
   601 | D:1      | Reached XP level 3. HP: 33/33 MP: 3/3
   797 | D:1      | Reached skill level 5 in Axes
  1548 | D:3      | Reached XP level 4. HP: 40/40 MP: 4/4
  1577 | D:3      | Reached ** piety under Trog
  1878 | D:3      | Reached XP level 5. HP: 47/47 MP: 5/5
  1879 | D:3      | Noticed Jessica
  1897 | D:3      | Killed Jessica
  1898 | D:3      | Reached skill level 6 in Axes
  2206 | D:3      | Noticed Natasha
  2212 | D:3      | Killed Natasha
  2532 | D:5      | Entered Level 5 of the Dungeon
  2532 | D:5      | Noticed an ogre
  2538 | D:5      | Slain by a gnoll

Illustrated notes

Levels and vault maps discovered:
D:1:      dpeg_arrival_prison, layout_loops_corners,
          hellmonk_ecumenical_altar_lost_god
D:2:      layout_basic
D:3:      layout_loops_cross, uniq_natasha, uniq_jessica
D:4:      layout_loops_ring, minmay_misc_feat_secret_circle
D:5:      layout_rooms, minmay_temple_entry_offerings, uniq_eustachio

Skill      XL: |  1  2  3  4  5 |
---------------+----------------+-----
Fighting       | 4 |  4.5
Axes           | 5 6 |  6.6
Dodging        | 2 |  2.2
Armour         | 3 |  3.0
Stealth        | |  0.1
Shields        | |  0.8

Action                     |  1- 3 |  4- 6 || total
---------------------------+-------+-------++-------
  Melee: Hand axe          |   147 |    79 ||   226
  Throw: Dart              |     1 |     1 ||     2
 Invoke: Berserk           |     3 |     6 ||     9
 Armour: Animal skin       |    28 |       ||    28
         Ring mail         |    57 |    62 ||   119
  Dodge: Dodged            |    78 |    22 ||   100
  Block: Tower shield      |    13 |    61 ||    74
